 Dungeon Crawl Stone Soup version 0.31-a0-216-g22e908daa7 (webtiles) character file.

Game seed: 10299331139094119767

56 qw the Chopper (level 3, -3/23 HPs)
             Began as a Gargoyle Fighter on July 2, 2023.
             Slain by a gnoll
             ... wielding a +0 flail
              (10 damage)
             ... on level 2 of the Dungeon.
             The game lasted 00:00:31 (1485 turns).

qw the Chopper (Gargoyle Fighter)                   Turns: 1485, Time: 00:00:31

Health: -3/23      AC: 10    Str: 21    XL:     3   Next: 95%
Magic:  3/3        EV:  9    Int:  8    God:
Gold:   47         SH:  4    Dex:  9    Spells: 2/2 levels left

rFire   . . .        Y - +0 war axe
rCold   . . .        c - +0 buckler
rNeg    + . .        b - +0 scale mail
rPois   inf          (no helmet)
rElec   +            (no cloak)
rCorr   .            (no gloves)
SInv    .            (no boots)
Will    .....        (no amulet) Stlth
                     (no ring)
HPRegen 0.23/turn    (no ring)
MPRegen 0.08/turn

%: no passive effects
@: no status effects
A: sickness immunity, AC +3, negative energy resistance 1, electricity
resistance, torment resistance 1, petrification resistance
a: no special abilities


You were on level 2 of the Dungeon.
You visited 1 branch of the dungeon, and saw 2 of its levels.

You collected 47 gold pieces.


Innate Abilities, Weirdness & Mutations

You are immune to sickness and miasma.
Your stone body is resilient. (AC +3)
You are immune to poison.
You resist negative energy. (rN+)
You are resistant to electric shocks. (rElec)
You are resistant to unholy torment.
You are immune to petrification.


   Skills:
 - Level 3.2 Fighting
 + Level 3.7 Axes
 - Level 3.2 Armour
 - Level 3.2 Shields


You had 2 spell levels left.
You didn't know any spells.
Your spell library was empty.

Inventory:

Hand Weapons
 e - a +0 mace
 Y - a +0 war axe (weapon)
Missiles
 k - 5 boomerangs (quivered)
Armour
 b - a +0 scale mail (worn)
 c - a +0 buckler (worn)
 g - a +0 pair of gloves
Scrolls
 a - 2 scrolls of identify
Potions
 d - a potion of might
 f - a potion of heal wounds {unknown}
 h - a potion of curing {unknown}
 i - a potion of berserk rage {unknown}
 j - a potion of mutation {unknown}

Dungeon Overview and Level Annotations

Branches:
Dungeon (2/15)

Altars:


Message History

The worm is moderately wounded.
You throw a boomerang.
The boomerang hits the worm but does no damage.
The worm is moderately wounded.
You barely miss the worm.
The worm is moderately wounded.
You block the worm's attack.
You slash the worm!
The worm is almost dead.
You block the worm's attack.
You slash the worm!
You kill the worm!
You see here a worm corpse.
Found a stone staircase leading down.
Enter note:
Enter note:
Enter note:
Enter note: A gnoll comes into view. It is wielding a +0 flail.
The gnoll shouts!
You hear a shout! x2
Enter note:
Enter note:
Enter note:
Enter note: You throw a boomerang.
The boomerang completely misses the gnoll.
A gnoll comes into view. It is wielding a +0 flail.
A gnoll comes into view. It is wielding a +2 vampiric halberd.
You barely miss the gnoll. The gnoll hits you with a +0 flail.
You hit the gnoll but do no damage. You hit the gnoll.
You block the gnoll's attack. The gnoll barely misses you.
You hit the gnoll.
The gnoll is severely wounded.
You barely miss the gnoll. The gnoll hits you but does no damage.
The gnoll hits you with a +0 flail. You block the gnoll's attack.
The gnoll hits you from afar with a +2 vampiric halberd!
The gnoll hits you with a +0 flail!
You die...

##### ....# ..#...
# ###......
#.#.g......
#.#g#>.....
#.g@...# ###.#.##
#.# .# ##.# ..
#..# ## ####.####
#######
#.......###.....##
#.#....%.........#
# #..............#


You could see 3 gnolls.

Vanquished Creatures
  2 adders (D:2)
  A worm (D:2)
  A dart slug (D:1)
  3 endoplasms
  3 giant cockroaches
  4 goblins
  3 hobgoblins
  2 quokkas
  3 ball pythons
  A bat (D:2)
  2 frilled lizards (D:1)
  4 kobolds
  2 rats
31 creatures vanquished.

Notes
Turn   | Place    | Note
-------+----------+-------------------------------------------
     0 | D:1      | qw the Gargoyle Fighter began the quest for the Orb.
     0 | D:1      | Reached XP level 1. HP: 14/14 MP: 1/1
     0 | D:1      | 0 ||| qw: Version: 0.3-a-35-g05ef00e
     0 | D:1      | 0 ||| qw: Game counter: 7849
     0 | D:1      | 0 ||| qw: Melee chars always use a shield: true
     0 | D:1      | 0 ||| qw: God list: Okawaru
     0 | D:1      | 0 ||| qw: Allow faded altars: false
     0 | D:1      | 0 ||| qw: Do Orc after clearing Dungeon:15 true
     0 | D:1      | 0 ||| qw: Do second Lair branch before Depths: true
     0 | D:1      | 0 ||| qw: Lair rune preference: random
     0 | D:1      | 0 ||| qw: Goals: Normal, Zot:1-4, Slime:5, God:TSO, Crypt,
                  | Tomb, Abyss, Pan, Hells, Win
     0 | D:1      | 0 ||| PLANNING D:1-11
    32 | D:1      | 32 ||| Stepping ~*~*~tactically~*~*~ (stealth).
   200 | D:1      | Reached XP level 2. HP: 19/19 MP: 2/2
   914 | D:1      | 914 ||| READING 2 scrolls labelled CETECS WEKLE.
   915 | D:1      | 915 ||| READING scroll labelled EWIOC YLUROJU.
  1004 | D:2      | Reached skill level 3 in Axes
  1140 | D:2      | Reached XP level 3. HP: 22/23 MP: 3/3
  1192 | D:2      | Found a faded altar of an unknown god.
  1485 | D:2      | Slain by a gnoll

Levels and vault maps discovered:
D:1:      saegor_arrival_simple_e, layout_loops_corners
D:2:      layout_loops_cross, ebering_ecumenical_altar_box, uniq_natasha

Skill      XL: |  1  2 |
---------------+-------+-----
Axes           | 2 3 |  3.7
Fighting       | |  3.2
Armour         | |  3.2
Shields        | |  3.2

Action                     || total
---------------------------++-------
  Melee: War axe           ||    78
  Throw: Boomerang         ||    29
    Use: Scroll            ||     2
 Armour: Scale mail        ||    43
  Dodge: Dodged            ||    31
  Block: Buckler           ||    16

Table legend:
 A = Non-vault XP
 B = Vault XP
 C = Vault XP percentage of total XP
 D = Non-vault monster count
 E = Vault monster count
 F = Vault count percentage of total count
                 A         B        C        D         E       F
            +---------+---------+-------+---------+---------+-------
      Total |      80 |       0 |   0.0 |      31 |       0 |   0.0
            +---------+---------+-------+---------+---------+-------
        D:1 |      28 |       0 |   0.0 |      16 |       0 |   0.0
        D:2 |      52 |       0 |   0.0 |      15 |       0 |   0.0
            +---------+---------+-------+---------+---------+-------
